 Dungeon Crawl Stone Soup version 0.30-a0-591-g3c58d2bc28 (webtiles) character file.

Game seed: 8245756335790561899

77 cforsyth the Digger (level 4, -2/24 HPs)
             Began as a Gargoyle Earth Elementalist on Jan 4, 2023.
             Slain by a gnoll
             ... wielding a +0 whip
              (4 damage)
             ... on level 2 of the Dungeon.
             The game lasted 00:03:44 (1594 turns).

cforsyth the Digger (Gargoyle Earth Elementalist)   Turns: 1594, Time: 00:03:45

Health: -2/24      AC:  5    Str: 11    XL:     4   Next: 34%
Magic:  4/8        EV: 11    Int: 18    God:
Gold:   81         SH:  0    Dex: 10    Spells: 8/9 levels left

rFire   + . .      SeeInvis .    (no weapon)
rCold   . . .      Faith    .    (no shield)
rNeg    + . .      Spirit   .    a - +0 robe
rPois   ∞          Reflect  .    (no helmet)
rElec   +          Harm     .    (no cloak)
rCorr   .          Rampage  .    (no gloves)
Will    .....                    (no boots)
Stlth   ++                       (no amulet)
HPRegen 0.24/turn                h - ring of protection from fire
MPRegen 0.11/turn                m - ring of flight

@: flying
A: sickness immunity, AC +3, negative energy resistance 1, electricity
resistance, torment resistance 1, petrification resistance
a: no special abilities


You were on level 2 of the Dungeon.
You visited 1 branch of the dungeon, and saw 4 of its levels.

You collected 81 gold pieces.

Inventory:

Armour
 a - a +0 robe (worn)
Jewellery
 h - a ring of protection from fire (left hand)
 m - a ring of flight (right hand)
Scrolls
 c - 2 scrolls of identify {unknown}
 f - a scroll of immolation {unknown}
 g - 3 scrolls of teleportation {unknown}
 j - 2 scrolls of enchant armour {unknown}
 k - a scroll of blinking {unknown}
 n - a scroll of silence {unknown}
Potions
 b - a potion of magic
 d - a potion of heal wounds {unknown}
 e - a potion of curing {unknown}
 i - a potion of haste {unknown}
 l - a potion of lignification {unknown}


   Skills:
 - Level 1.5 Dodging
 - Level 2.1 Stealth
 + Level 3.2 Spellcasting
 - Level 0.7 Transmutations
 + Level 5.0 Earth Magic


You had 8 spell levels left.
You knew the following spells:

 Your Spells              Type           Power      Damage    Failure   Level
a - Sandblast             Erth           42%        2d11      1%          1

Your spell library contained the following spells:

 Spells                   Type           Power      Damage    Failure   Level
 Passwall                 Tmut/Erth      10%        N/A       8%          2
 Stone Arrow              Conj/Erth      22%        3d8       17%         3
 Blink                    Tloc           4%         N/A       24%         2
 Momentum Strike          Conj/Tloc      4%         3d8       24%         2
 Lesser Beckoning         Tloc           4%         N/A       43%         3
 Petrify                  Tmut/Erth      13%        N/A       43%         4


Dungeon Overview and Level Annotations

Branches:
Dungeon (4/15)
 Temple: D:4-7

Altars:


Innate Abilities, Weirdness & Mutations

You are immune to sickness and miasma.
Your stone body is resilient. (AC +3)
You are immune to poison.
You resist negative energy. (rN+)
You are resistant to electric shocks. (rElec)
You are resistant to unholy torment.
You are immune to petrification.


Message History

The blast of sand misses the gnoll.
The blast of sand hits the gnoll!
The gnoll is almost dead.
The gnoll closely misses you.
Casting: Sandblast (safe; 2% risk of failure)
Confirm with . or Enter, or press ? or * to list all spells.
You don't know that spell.
Sorry, you're not good enough to have a special ability.
Unknown command.
Unknown command.
Casting: Sandblast (safe; 2% risk of failure)
Confirm with . or Enter, or press ? or * to list all spells.
Aiming: Sandblast (safe; 2% risk of failure)
Press: ? - help, Shift-Dir - straight line, f/p - gnoll
Aim: a gnoll, wielding a +0 club (85% to hit)
The blast of sand hits the gnoll!
You kill the gnoll!
The gnoll hits you with a +0 whip of electrocution.
* * * LOW HITPOINT WARNING * * *
Unknown command.
Okay, then.
Unknown command.
Casting: Sandblast (safe; 1% risk of failure)
Confirm with . or Enter, or press ? or * to list all spells.
Aiming: Sandblast (safe; 1% risk of failure)
Press: ? - help, Shift-Dir - straight line, f - gnoll
Aim: a gnoll, wielding a +0 whip of electrocution (almost dead, 85% to hit)
The blast of sand hits the gnoll!
You kill the gnoll!
Your Earth Magic skill increases to level 5!
Casting: Sandblast (safe; 1% risk of failure)
Confirm with . or Enter, or press ? or * to list all spells.
Aiming: Sandblast (safe; 1% risk of failure)
Press: ? - help, Shift-Dir - straight line, f - gnoll
Aim: a gnoll, wielding a +0 whip (85% to hit)
The blast of sand hits the gnoll!
The gnoll is almost dead.
The gnoll hits you with a +0 whip.
* * * LOW HITPOINT WARNING * * *
The gnoll hits you with a +0 whip.
You die...

#### #.#
#.#†#.##### ..# #.#
#.#.#.# #.# #.#
#.#.#.############
#.####.#
##.#.#>...........#
.......#
#.......#########.#
#.###### #.#####.#
#.# #.# #.# #.# #.#
..# #.# #g# #####.#
..# #.# #@# #.....#
#.# #.#####.#
#.##### #.#
#.......# #.# #.#
#.###.### #.# #<#
#.# #.# #.# #.# #.#
#.# #.#
#.########.###.#
#.#
#..........#...#
##.#
############.###
#..#


You could see a gnoll.

Vanquished Creatures
  3 gnolls
  An adder (D:2)
  8 ball pythons
  3 endoplasms (D:1)
  2 giant cockroaches
  3 goblins (D:1)
  2 hobgoblins (D:1)
  4 jackals (D:2)
  2 quokkas (D:1)
  5 bats
  2 frilled lizards
  3 kobolds (D:2)
38 creatures vanquished.

Notes
Turn   | Place    | Note
-------+----------+-------------------------------------------
     0 | D:1      | cforsyth the Gargoyle Earth Elementalist began the quest
                  | for the Orb.
     0 | D:1      | Reached XP level 1. HP: 10/10 MP: 3/3
   132 | D:1      | Reached skill level 4 in Earth Magic
   132 | D:1      | Reached XP level 2. HP: 14/15 MP: 3/5
   346 | D:1      | Reached XP level 3. HP: 19/19 MP: 3/6
  1141 | D:2      | You fall into a shaft and drop 2 floors!
  1164 | D:3      | Noticed a sky beast
  1165 | D:3      | Noticed a wight
  1483 | D:2      | Reached XP level 4. HP: 24/24 MP: 6/8
  1594 | D:2      | Reached skill level 5 in Earth Magic
  1594 | D:2      | Slain by a gnoll

Illustrated notes

Levels and vault maps discovered:
D:1:      reono_arrival_forest_river, layout_loops_cross
D:2:      layout_loops_ring, hangedman_decor_riveting
D:3:      layout_rooms, kennysheep_cross_bottleneck, grunt_decor_clamped,
          minmay_joined_circles
D:4:      layout_rooms, mainiacjoe_overflow_large_starburst

Skill      XL: |  1  2  3  4 |
---------------+-------------+-----
Earth Magic    | 4 5 |  5.0
Spellcasting   | 3 |  3.2
Dodging        | |  1.5
Stealth        | |  2.1
Transmutations | |  0.7

Action                   |  1- 3 |  4- 6 || total
-------------------------+-------+-------++-------
Melee: Unarmed           |     1 |       ||     1
 Cast: Sandblast         |    51 |     4 ||    55
Armor: Robe              |    10 |       ||    10
Dodge: Dodged            |    19 |     5 ||    24

Table legend: (Time is in decaauts)
 A = Elapsed time spent in this place.
 B = Non-inter-level travel time spent in this place.
 C = Inter-level travel time spent in this place.
 D = Time resting spent in this place.
 E = Time spent auto-exploring this place.
 F = Levels seen in this place.
 G = Mean time per level.
                   A        B        C        D        E       F      G
               +--------+--------+--------+--------+--------+-----+--------+
         Total |   1634 |   1598 |     36 |      0 |   1304 |   4 |  408.5 |
       Dungeon |   1634 |   1598 |     36 |      0 |   1304 |   4 |  408.5 |
               +--------+--------+--------+--------+--------+-----+--------+

Top non-repeatable levels by time:
     D:1: 872 daAuts
     D:2: 724 daAuts
     D:3: 31 daAuts
     D:4: 6 daAuts
